 Dungeon Crawl Stone Soup version 0.29.0-13-gc9e81de378 (webtiles) character file.

Game seed: 13887316650634933538

77 ILmort the Conjurer (level 4, 0/33 HPs)
             Began as a Draconian Conjurer on Sept 9, 2022.
             Slain by an orc priest
             ... wielding a +0 hand axe
              (2 damage)
             ... on level 3 of the Dungeon.
             The game lasted 00:06:32 (2154 turns).

ILmort the Conjurer (Draconian Conjurer)            Turns: 2154, Time: 00:06:32

Health: 0/33       AC:  5    Str:  9    XL:     4   Next: 14%
Magic:  6/7        EV: 12    Int: 21    God:
Gold:   74         SH:  0    Dex:  9    Spells: 6/7 levels left

rFire   . . .      SeeInvis .   a - +1 whip (elec)
rCold   . . .      Faith    .   (no shield)
rNeg    . . .      Spirit   .   (body armour unavailable)
rPois   .          Reflect  .   (helmet restricted)
rElec   .          Harm     .   (no cloak)
rCorr   .          Rampage  .   (no gloves)
Will    .....                   (no boots)
Stlth   ++........              (no amulet)
HPRegen 0.11/turn               (no ring)
MPRegen 0.10/turn               (no ring)

@: no status effects
A: AC +5, unfitting armour, cold-blooded
a: no special abilities


You were on level 3 of the Dungeon.
You visited 1 branch of the dungeon, and saw 3 of its levels.

You collected 134 gold pieces.
You spent 60 gold pieces at shops.

Inventory:

Hand Weapons
 a - a +1 whip of electrocution (weapon)
 b - a +0 sling
Scrolls
 d - a scroll of fear {unknown}
 e - a scroll of vulnerability {unknown}
 f - a scroll of enchant weapon {unknown}
 g - a scroll of enchant armour {unknown}
 h - 3 scrolls of identify
Potions
 c - a potion of lignification {unknown}
 i - a potion of magic
 j - a potion of resistance {unknown}


   Skills:
 - Level 1.7 Dodging
 - Level 1.7 Stealth
 - Level 2.0 Spellcasting
 + Level 5.7 Conjurations


You had 6 spell levels left.
You knew the following spells:

 Your Spells              Type           Power      Damage    Failure   Level
a - Magic Dart            Conj           100%       1d8       1%          1

Your spell library contained the following spells:

 Spells                   Type           Power      Damage    Failure   Level
 Searing Ray              Conj           52%        2d6       2%          2
 Dazzling Flash           Conj/Hex       28%        N/A       14%         3
 Fulminant Prism          Conj/Hex       7%         3d7       41%         4
 Iskenderun's Mystic Bla  Conj/Tloc      14%        2d5       41%         4


Dungeon Overview and Level Annotations

Branches:
Dungeon (3/15)

Altars:
Ashenzari
Yredelemnul

Shops:
D:1 ?:

Annotations:
D:1 1 runed translucent door
D:2 Terence


Innate Abilities, Weirdness & Mutations

Your plain brown scales are hard. (AC +5)
You cannot fit into any form of body armour.
You are cold-blooded and may be slowed by cold attacks.


Message History

You kill the orc!
The orc hits you with a +0 club.
You hit the orc.
You tail-slap the orc, but do no damage.
Your punch misses the orc. The orc hits you but does no damage.
You barely miss the orc. The orc closely misses you.
You hit the orc.
You kill the orc!
You see here a +0 club.
You start resting.
An orc priest comes into view. It is wielding a +0 hand axe.
The orc priest mumbles some strange prayers to Beogh against you.
Pain shoots through your body!
You see here a +0 club.
You closely miss the orc priest.
The orc priest looks encouraged for a moment.
You barely miss the orc priest.
The orc priest hits you with a +0 hand axe.
You hit the orc priest.
Your tail-slap misses the orc priest.
The orc priest barely misses you.
You closely miss the orc priest.
The orc priest hits you with a +0 hand axe.
You hit the orc priest. The orc priest barely misses you.
You completely miss the orc priest. You tail-slap the orc priest.
The orc priest hits you with a +0 hand axe.
You barely miss the orc priest.
Your tail-slap misses the orc priest.
You punch the orc priest, but do no damage.
The orc priest hits you with a +0 hand axe.
You barely miss the orc priest.
The orc priest hits you but does no damage.
You hit the orc priest.
The orc priest invokes the aid of Beogh against you.
Pain shoots through your body!
* * * LOW HITPOINT WARNING * * *
Casting: Magic Dart (safe; 1% risk of failure)
Aiming: Magic Dart (safe; 1% risk of failure)
Aim: an orc priest, wielding a +0 hand axe (heavily wounded, 100% to hit)
The magic dart hits the orc priest.
The orc priest hits you with a +0 hand axe.
You die...

...รท....>.+
#.#
....#.....#
#.#
########.##
#.# # #.#
#.### # .#
#.#.. # .#
#.#.# #
#.#.# #.#o#
#)@.# #####


You could see an orc priest.

Vanquished Creatures
  An iguana (D:3)
  2 adders (D:3)
  A worm (D:2)
  2 orcs (D:3)
  2 endoplasms
  2 goblins (D:2)
  7 hobgoblins
  3 ball pythons
  4 bats
  A frilled lizard (D:3)
  3 kobolds
  2 rats (D:1)
30 creatures vanquished.

Notes
Turn   | Place    | Note
-------+----------+-------------------------------------------
     0 | D:1      | ILmort the Draconian Conjurer began the quest for the Orb.
     0 | D:1      | Reached XP level 1. HP: 14/14 MP: 3/3
     1 | D:1      | Found a runed translucent door.
     2 | D:1      | Noticed a jelly
   402 | D:1      | Found Gaghot's Book Shoppe.
   463 | D:1      | Reached XP level 2. HP: 20/20 MP: 1/5
   894 | D:1      | Found Tougun's Magic Scroll Boutique.
   897 | D:1      | Bought a scroll of teleportation for 36 gold pieces
   897 | D:1      | Bought a scroll of identify for 24 gold pieces
  1220 | D:2      | Found a broken altar of Ashenzari.
  1313 | D:2      | Noticed Terence
  1643 | D:3      | Reached skill level 5 in Conjurations
  1674 | D:3      | Found a basalt altar of Yredelemnul.
  1679 | D:3      | Reached XP level 3. HP: 26/26 MP: 4/6
  1791 | D:3      | Reached XP level 4. HP: 4/33 MP: 1/7
  2154 | D:3      | Slain by an orc priest

Illustrated notes

Levels and vault maps discovered:
D:1:      dpeg_arrival_caged_fury, layout_basic, serial_shops, shop,
          nicolae_shop_behind_doors
D:2:      layout_basic, basic_altar, st_stairs_11, uniq_terence,
          uniq_crazy_yiuf_cottage, uniq_sigmund
D:3:      minmay_chambers_of_threes, layout_basic, yredelemnul_altar_generic,
          ebering_ecumenical_altar_rust

Skill      XL: |  1  2 |
---------------+-------+-----
Conjurations   | 5 |  5.7
Dodging        | |  1.7
Stealth        | |  1.7
Spellcasting   | |  2.0

Action                   |  1- 3 |  4- 6 || total
-------------------------+-------+-------++-------
Melee: Unarmed           |     1 |       ||     1
       Whip              |    20 |    17 ||    37
       Tailslap          |     2 |     2 ||     4
       Punch             |       |     1 ||     1
 Fire: Sling             |    24 |       ||    24
 Cast: Magic Dart        |    52 |     2 ||    54
  Use: Scroll            |     1 |       ||     1
Armor: Skin              |     9 |     2 ||    11
Dodge: Dodged            |    32 |     3 ||    35
